AoeStats
← Антон Романович

Scandinavia

510493720Analyzed
1v1 RM · 6h ago on Oct 1, 2026· 22m 36s· 2 players
Game mode
Random Map
Map size
Tiny (2 player)
Population
200
Speed
Normal
Resources
Standard
Victory
Conquest
Starting age
Dark Age
Ending age
Imperial Age
RankedLock teamsTeams togetherTeam positionsShared explorationLock speedFull tech treeHidden civsTurbo modeCheats
Victory
Defeat
🇻🇳 Goths · Vietnam
764
+15
737
-15
Антон Романович
6:47 Loom
9:55 Feudal Age
10:40 Double-Bit Axe
10:44 Horse Collar
17:12 Castle Age
17:32 Forging
17:23 Scale Mail Armor
17:51 Bloodlines
18:31 Husbandry
18:37 Town Watch
20:14 Bow Saw
20:31 Fervor
Immort
2:41 Loom
10:54 Feudal Age
12:20 Wheelbarrow
19:00 Castle Age
18:22 Stone Mining
18:19 Double-Bit Axe
18:15 Horse Collar
19:54 Pikeman
Connection lost

Rejoining the realm…

Still unreachable

The connection could not be restored.

Session expired

The server has moved on; the page needs a fresh start.